 Dungeon Crawl Stone Soup version 0.16-a0-715-g16937c4 (webtiles) character file.

630 PolkaDot the Jinx (level 7, -2/46 HPs)
             Began as a Vampire Enchanter on Sept 21, 2014.
             Slain by an ogre
             ... wielding a +0 giant spiked club
              (30 damage)
             ... on Level 4 of the Dungeon.
             The game lasted 00:18:35 (5456 turns).

PolkaDot the Jinx (Vampire Enchanter)               Turns: 5456, Time: 00:18:35

HP  -2/46        AC  6     Str  7      XL: 7   Next: 24%
MP  12/12        EV 12     Int 19      God:
Gold 184         SH  0     Dex 14      Spells:  3 memorised,  4 levels left

rFire  . . .     SeeInvis +     a - +1 dagger
rCold  + + .     Clarity  .     b - +1 robe
rNeg   + + +     rCorr    .     (no shield)
rPois  +         rRot     +     m - +2 hat
rElec  .         Spirit   .     e - +0 cloak
SustAb .         Warding  .     (no gloves)
rMut   .         Stasis   .     (no boots)
Gourm  .                        (no amulet)
MR     .....                    (no ring)
                                (no ring)

@: bloodless, non-regenerating, not resistant to hostile enchantments, quite
stealthy
A: bottle blood, fangs 3, see invisible, unbreathing
a: Bat Form, Bottle Blood


You were on level 4 of the Dungeon.
You were bloodless.

You visited 1 branch of the dungeon, and saw 6 of its levels.

You collected 184 gold pieces.

Inventory:

Hand weapons
 a - a +1 dagger (weapon)
 p - a +0 quarterstaff of protection
Missiles
 d - a throwing net (quivered)
Armour
 b - a +1 robe (worn)
 e - a +0 cloak (worn)
 m - a +2 hat (worn)
Scrolls
 g - a scroll of enchant armour {unknown}
 i - a scroll of noise {unknown}
 j - 2 scrolls of identify
 k - a scroll of blinking {unknown}
 n - a scroll of recharging {unknown}
Potions
 f - 5 potions of restore abilities
 h - a potion of brilliance
 l - a potion of haste
Books
 c - a book of Maledictions

   Spells                             Type                      Level
   *Corona                            Hexes                        1
   Sure Blade                         Hexes/Charms                 2
   *Ensorcelled Hibernation           Hexes/Ice                    2
   *Confuse                           Hexes                        3
   Dazzling Spray                     Conjuration/Hexes            3
   Enslavement                        Hexes                        4


   Skills:
 + Level 2.7 Short Blades
 - Level 2.1 Dodging
 + Level 8.0 Stealth
 - Level 2.0 Spellcasting
 * Level 9.6 Hexes
 - Level 1.0 Ice Magic


You had 4 spell levels left.
You knew the following spells:

 Your Spells              Type           Power        Failure   Level  Hunger
a - Corona                Hex            #####..      1%          1    #......
c - Confuse               Hex            #####...     1%          3    ####...
d - Ensorcelled Hibernat  Hex/Ice        ###...       3%          2    ##.....


Dungeon Overview and Level Annotations

Branches:
Dungeon (6/15)
 Temple: D:4-7

Altars:
Kikubaaqudgha


Innate Abilities, Weirdness & Mutations

You do not heal naturally.
You can bottle blood from corpses.
You have razor-sharp teeth.
You have supernaturally acute eyesight.
You can survive without breathing.


Message History

The ogre is severely wounded.
You hit the ogre.
The ogre is severely wounded.
You hit the ogre.
The ogre is almost dead.
You hit the ogre but do no damage.
The ogre is almost dead.
You hit the ogre.
You kill the ogre!
Your Stealth skill increases to level 8!
You start resting.
Magic restored.
You open the door.
There is an open door here.
An ogre comes into view. It is wielding a giant spiked club.
You are too injured to fight recklessly!
The ogre shouts!
The ogre hits you with a giant spiked club!!
Ouch! That really hurt!
You die...

+...+ #...# .. #...#
..##+### #...# .......#
####..###+##.....+
...#.......+.....#
...'.......#.....#####+#
...#.).....#.....O......#
...#...)...#....@.......+
%..#.......+............#
...#..##'###............
...#..#.........#+###+#.
#'##..#.........+
%.....+.........#
.!....#.........#
......#.....#+###
......#.....#


You could see an ogre.

Vanquished Creatures
  A sky beast (D:3)
  An ogre (D:4)
  3 killer bees (D:6)
  A scorpion (D:5)
  2 hounds
  A quasit (D:5)
  An iguana (D:5)
  A centaur skeleton (D:5)
  5 adders
  3 worms
  A giant gecko (D:2)
  An ooze (D:3)
  3 orcs
  7 bats
  3 hobgoblins
  4 jackals (D:2)
  14 kobolds
  A ball python (D:2)
  4 giant cockroaches
  4 giant newts
  15 goblins
  10 rats
  A rat zombie (D:3)
87 creatures vanquished.

Notes
Turn   | Place    | Note
--------------------------------------------------------------
     0 | D:1      | PolkaDot, the Vampire Enchanter, began the quest for the Orb.
     0 | D:1      | Reached XP level 1. HP: 13/13 MP: 3/3
   703 | D:1      | Reached XP level 2. HP: 13/19 MP: 2/4
   802 | D:1      | Learned a level 2 spell: Ensorcelled Hibernation
   990 | D:1      | Reached skill level 5 in Hexes
  1556 | D:2      | Reached skill level 5 in Stealth
  1806 | D:2      | Reached XP level 3. HP: 5/24 MP: 1/6
  2977 | D:2      | Reached skill level 1 in Ice Magic
  3038 | D:2      | Reached XP level 4. HP: 6/30 MP: 0/7
  3651 | D:2      | Learned a level 3 spell: Confuse
  4135 | D:3      | Reached skill level 6 in Hexes
  4258 | D:3      | Found an ancient bone altar of Kikubaaqudgha.
  4267 | D:3      | Noticed a sky beast
  4361 | D:3      | Killed a sky beast
  4361 | D:3      | Reached skill level 7 in Hexes
  4361 | D:3      | Reached XP level 5. HP: 18/35 MP: 0/9
  4622 | D:3      | You fall through a shaft for 3 floors!
  4645 | D:6      | Reached skill level 8 in Hexes
  4645 | D:6      | Reached XP level 6. HP: 18/41 MP: 0/10
  4834 | D:5      | Entered Level 5 of the Dungeon
  5043 | D:5      | Reached skill level 9 in Hexes
  5055 | D:5      | Reached XP level 7. HP: 34/46 MP: 3/12
  5456 | D:4      | Slain by an ogre

Action                   |  1- 3 |  4- 6 |  7- 9 || total
-------------------------+-------+-------+-------++-------
Melee: Dagger            |   139 |   110 |    15 ||   264
 Cast: Corona            |    10 |     1 |       ||    11
       Ensorcelled Hiber |    19 |    34 |     1 ||    54
       Confuse           |       |     2 |     2 ||     4
  Use: Potion            |     3 |     4 |       ||     7
       Scroll            |     1 |     3 |     1 ||     5
 Stab: Sleeping          |    16 |    28 |     3 ||    47
       Distracted        |     1 |     2 |       ||     3
       Confused          |       |     1 |       ||     1
